 Dungeon Crawl Stone Soup version 0.26.1-11-gd32895ea62 (webtiles) character file.

Game seed: 10892381328963610705

12291 DildoBatman the Blocker (level 12, -9/86 HPs)
             Began as a Formicid Conjurer on May 3, 2021.
             Was an Elder of Kikubaaqudgha.
             Hit by a large rock thrown by a cyclops (23 damage)
             ... on level 11 of the Dungeon.
             The game lasted 00:50:07 (11589 turns).

DildoBatman the Blocker (Formicid Conjurer)        Turns: 11589, Time: 00:50:07

Health: -9/86      AC: 13    Str: 12    XL:     12   Next: 18%
Magic:  10/33      EV: 11    Int: 23    God:    Kikubaaqudgha [****..]
Gold:   627        SH: 12    Dex: 15    Spells: 10/28 levels left

rFire    . . .     SeeInvis +   b - +3 spear (vamp)
rCold    + . .     Faith    .   n - +1 kite shield {rC+}
rNeg     . . .     Spirit   .   F - +0 swamp dragon scales
rPois    +         Reflect  .   (helmet unavailable)
rElec    .         Harm     .   G - +0 cloak
rCorr    .         Rampage  .   p - +1 pair of gloves
Will     +....                  M - +0 pair of boots
Stlth    +.........             g - amulet of the acrobat
HPRegen  0.24/turn              j - ring of magical power
MPRegen  0.23/turn              H - +6 ring of dexterity

@: no status effects
A: permanent stasis, dig shafts and tunnels, four strong arms, antennae 3
a: Dig, Shaft Self, Renounce Religion, Receive Corpses


You were on level 11 of the Dungeon.
You worshipped Kikubaaqudgha.
Kikubaaqudgha was greatly pleased with you.
You visited 2 branches of the dungeon, and saw 12 of its levels.

You collected 669 gold pieces.
You spent 42 gold pieces at shops.

Inventory:

Hand Weapons
 a - a +5 long sword of freezing
 b - a +3 vampiric spear (weapon)
 c - a +0 hunting sling
Missiles
 f - 27 poisoned darts
 h - 151 sling bullets
 t - 65 bolts
 A - 349 arrows
 C - 2 curare-tipped darts (quivered)
 S - 5 silver javelins
Armour
 n - a +1 kite shield of cold resistance (worn)
 p - a +1 pair of gloves (worn)
 F - +0 swamp dragon scales (worn)
 G - a +0 cloak (worn)
 M - a +0 pair of boots (worn)
Magical Staves
 r - an uncursed staff of air
 D - an uncursed staff of fire
Jewellery
 g - an amulet of the acrobat (around neck)
 j - a ring of magical power (left hand)
 l - an uncursed ring of willpower
 v - an uncursed ring of protection from cold
 H - a +6 ring of dexterity (right hand)
 P - an uncursed ring of poison resistance
Wands
 s - a wand of acid (12)
 y - a wand of flame (32)
 N - a wand of disintegration (10)
 X - a wand of iceblast (7)
Scrolls
 d - a scroll of noise {unknown}
 e - a scroll of enchant weapon {unknown}
 k - 4 scrolls of immolation
 q - 2 scrolls of fog {unknown}
 x - 8 scrolls of remove curse
 z - 2 scrolls of identify
 B - a scroll of magic mapping
 Q - a scroll of fear {unknown}
 T - 2 scrolls of amnesia
 V - a scroll of blinking {unknown}
Potions
 i - 2 potions of lignification
 m - a potion of resistance {unknown}
 o - 2 potions of curing
 u - a potion of might {unknown}
 E - a potion of magic {unknown}
 I - a potion of haste {unknown}
 J - 3 potions of flight
 K - 3 potions of ambrosia {unknown}
 O - a potion of invisibility {unknown}
 R - a potion of mutation {unknown}
 W - a potion of heal wounds {unknown}
Miscellaneous
 w - a phantom mirror
 U - a box of beasts


   Skills:
 - Level 5.0 Fighting
 - Level 5.0 Armour
 - Level 1.7 Dodging
 - Level 2.4 Stealth
 - Level 9.0 Shields
 * Level 8.6 Spellcasting
 - Level 6.0 Conjurations
 - Level 9.0 Necromancy
 - Level 5.0 Fire Magic
 - Level 5.0 Air Magic
 - Level 4.0 Poison Magic


You had 10 spell levels left.
You knew the following spells:

 Your Spells              Type           Power        Failure   Level
a - Searing Ray           Conj           74%          1%          2
b - Conjure Flame         Conj/Fire      35%          4%          3
c - Magic Dart            Conj           100%         1%          1
d - Vampiric Draining     Necr           25%          1%          3
e - Mephitic Cloud        Conj/Pois/Air  32%          5%          3
h - Dispel Undead         Necr           50%          3%          4
z - Sublimation of Blood  Necr           25%          1%          2

Your spell library contained the following spells:

 Spells                   Type           Power        Failure   Level
 Pain                     Necr           100%         1%          1
 Shock                    Conj/Air       100%         1%          1
 Corpse Rot               Necr/Air       N/A          1%          2
 Poisonous Vapours        Pois/Air       60%          3%          2
 Sting                    Tmut/Pois      76%          6%          1
 Excruciating Wounds      Necr           25%          10%         5
 Dazzling Flash           Conj/Hex       46%          12%         3
 Ignite Poison            Fire/Tmut/Pois 23%          12%         3
 Corona                   Hex            10%          14%         1
 Inner Flame              Hex/Fire       21%          16%         3
 Call Imp                 Summ           9%           22%         2
 Slow                     Hex            9%           22%         2
 Olgreb's Toxic Radiance  Pois           28%          26%         4
 Frozen Ramparts          Ice            18%          38%         3
 Portal Projectile        Hex/Tloc       18%          38%         3
 Fulminant Prism          Conj/Hex       11%          38%         4
 Iskenderun's Mystic Bla  Conj/Tloc      23%          38%         4
 Death Channel            Necr           25%          47%         6
 Borgnjor's Vile Clutch   Necr/Erth      15%          52%         5
 Bolt of Magma            Conj/Fire/Erth 13%          65%         5
 Cause Fear               Hex            4%           80%         4
 Leda's Liquefaction      Hex/Erth       4%           80%         4
 Summon Ice Beast         Ice/Summ       9%           80%         4
 Simulacrum               Ice/Necr       15%          98%         6
 Orb of Destruction       Conj           18%          100%        7
 Blink                    Tloc           Unusable     N/A         2

Dungeon Overview and Level Annotations

Branches:
Dungeon (11/15)            Temple (1/1) D:4            Lair (0/6) D:8
    Orc (0/2) D:9

Altars:
Ashenzari
Cheibriados
Dithmenos
Elyvilon
Fedhas
Gozag
Hepliaklqana
Kikubaaqudgha
Makhleb
Nemelex Xobeh
Okawaru
Qazlal
Ru
Sif Muna
Trog
Uskayaw
Vehumet
Wu Jian
Xom
Yredelemnul
Zin
The Shining One

Shops:
D:4 ?   D:5 [   D:7 *

Annotations:
D:11 3 runed translucent doors, exclusions: acid dragon and sensed monster (detected), Findor's ghost, journeyman GrMo


Innate Abilities, Weirdness & Mutations

You cannot be hasted, slowed, berserked, paralysed or teleported.
You can dig through walls and to a lower floor.
Your four strong arms can wield two-handed weapons with a shield.
You have a pair of large antennae on your head. (SInv)


Message History

The cyclops is heavily wounded.
The cyclops howls, "My nostrils!"
The cyclops hits you!
You completely miss the cyclops.
The cyclops is heavily wounded.
The cyclops seems less confused.
The cyclops hits you!!
Casting: Mephitic Cloud (dangerous; 5% risk of failure)
Confirm with . or Enter, or press ? or * to list all spells.
Aiming: Mephitic Cloud (dangerous; 5% risk of failure)
Press: ? - help, Shift-Dir - straight line, f/p - cyclops
Aim: a cyclops, quivering 6 large rocks (heavily wounded)
The ball explodes into a vile cloud!
The stinking cloud engulfs the cyclops but does no damage.
The cyclops is heavily wounded.
The cyclops is engulfed in noxious fumes.
The cyclops throws a large rock.
The large rock hits you!!
You die...
Kikubaaqudgha rasps: "You have failed me!
Welcome... death!"

.##...### #C#.#.# #######.#.#
.##...# #.#.#.# #.#.# ###...#
#.#.#.# #...# ......#
#.#(#.####### ##..# ......#
#(#...†.....## #>.#
#####.#####.#(#######..####..#
(.........#.(..C.# #.#(....>#
..........###.##§####.#.######
.......[......(.@#....#.# ####
############.##..#....#.######...
.................#....#.#........
#######......#........#.#.####...
..(.........##..##...##.#.# ##...
................##...##.#.# #....
########.##.##.###...##.#.# #....
########.##.............#.# #....
.........##..#########..#.# ##...


You could see a cyclops.

Vanquished Creatures
  2 two-headed ogres
  An ugly thing (D:11)
  9 cyclopes
  A centaur zombie (D:10)
  Joseph (D:8)
  A gargoyle (D:11)
  Maggie (D:9)
  A troll (D:8)
  Grinder (D:5)
  A hornet (D:3)
  2 wraiths (D:11)
  An acid dragon (D:11)
  4 ice beasts
  2 sky beasts
  An eye of draining (D:9)
  2 orc warriors
  2 black bears
  4 phantoms
  6 centaurs
  3 wolves
  8 ogres
  A gnoll sergeant (D:8)
  2 bullfrogs
  5 scorpions
  3 howler monkeys
  19 wights
  4 electric eels (D:8)
  2 quasits
  2 bullfrog skeletons
  2 orc priests
  6 hounds
  6 orc wizards
  Crazy Yiuf (D:3)
  3 iguanas
  10 worker ants
  2 hound zombies
  A worker ant zombie (D:11)
  9 adders
  8 gnolls
  4 shadow imps
  5 white imps
  2 ufetubi (D:8)
  An adder zombie (D:8)
  2 adder skeletons
  2 worms (D:2)
  3 dart slugs
  9 leopard geckos
  26 orcs
  11 bats
  6 giant cockroaches
  9 goblins
  12 hobgoblins
  3 jackals (D:3)
  12 quokkas
  6 ball pythons
  3 frilled lizards (D:1)
  6 kobolds
  A leopard gecko skeleton (D:8)
  A quokka skeleton (D:5)
  8 rats
272 creatures vanquished.

Vanquished Creatures (others)
  An orc (D:9)
  A plant (D:11)
2 creatures vanquished.

Grand Total: 274 creatures vanquished

Notes
Turn   | Place    | Note
-------+----------+-------------------------------------------
     0 | D:1      | DildoBatman the Formicid Conjurer began the quest for the
                  | Orb.
     0 | D:1      | Reached XP level 1. HP: 13/13 MP: 3/3
   442 | D:1      | Reached XP level 2. HP: 17/19 MP: 1/5
   445 | D:1      | Learned a level 2 spell: Searing Ray
   656 | D:1      | Reached XP level 3. HP: 24/24 MP: 6/6
   978 | D:2      | Reached XP level 4. HP: 27/30 MP: 7/7
  1176 | D:2      | Found a burning altar of Makhleb.
  1197 | D:2      | Reached skill level 5 in Conjurations
  1656 | D:3      | Found a glowing golden altar of the Shining One.
  1701 | D:3      | Found a runed translucent door.
  1702 | D:3      | Noticed Crazy Yiuf
  1729 | D:3      | Reached XP level 5. HP: 35/35 MP: 8/8
  1771 | D:3      | Reached skill level 1 in Armour
  1780 | D:3      | Found a shadowy altar of Dithmenos.
  1786 | D:3      | Reached skill level 1 in Fighting
  2144 | D:3      | Found a broken altar of Ashenzari.
  2168 | D:3      | Reached XP level 6. HP: 43/43 MP: 10/10
  2296 | D:3      | Noticed a hornet
  3052 | D:4      | Found a hide-covered altar of Uskayaw.
  3092 | D:4      | Noticed an ogre
  3096 | D:4      | Killed an ogre
  3139 | D:4      | Found Votz's Magic Scroll Shop.
  3148 | D:4      | Bought a scroll of magic mapping for 42 gold pieces
  3170 | D:4      | Reached XP level 7. HP: 50/50 MP: 12/12
  3246 | D:4      | Found a staircase to the Ecumenical Temple.
  3284 | Temple   | Entered the Ecumenical Temple
  3343 | Temple   | Became a worshipper of Kikubaaqudgha
  3990 | D:4      | HP: 2/50 [poisoned by a scorpion]
  3998 | D:4      | HP: 2/50 [poisoned by a scorpion]
  4240 | D:4      | Reached skill level 1 in Shields
  4240 | D:4      | Reached skill level 5 in Spellcasting
  4357 | D:3      | Killed a hornet
  4358 | D:3      | Reached skill level 5 in Shields
  4358 | D:3      | Reached XP level 8. HP: 41/56 MP: 15/15
  4548 | D:3      | Killed Crazy Yiuf
  4722 | D:2      | Reached * piety under Kikubaaqudgha
  4722 | D:2      | Identified Kikubaaqudgha's Volume of Stolen Souls
                  | (Kikubaaqudgha gifted it to you on level 2 of the Dungeon)
  4722 | D:2      | Received a gift from Kikubaaqudgha
  4830 | D:5      | Entered Level 5 of the Dungeon
  4844 | D:5      | Found Wuwyerph's Antique Armour Shoppe.
  4845 | D:5      | Noticed Grinder
  4862 | D:5      | Killed Grinder
  5077 | D:5      | Learned a level 2 spell: Sublimation of Blood
  5081 | D:5      | Learned a level 3 spell: Vampiric Draining
  5165 | D:5      | Found a hazy altar of Hepliaklqana.
  5302 | D:5      | Reached XP level 9. HP: 57/61 MP: 16/16
  5447 | D:6      | Reached skill level 1 in Necromancy
  5461 | D:6      | Found a blossoming altar of Fedhas.
  5617 | D:6      | Found a stormy altar of Qazlal.
  5752 | D:6      | Learned a level 3 spell: Mephitic Cloud
  5817 | D:6      | Identified Ixanaf's Incunabulum of the Harmful Snowflakes
  6118 | D:6      | Reached skill level 1 in Poison Magic
  6422 | D:7      | Found Odaent's Elemental Accessories.
  6542 | D:7      | Reached skill level 1 in Air Magic
  6893 | D:8      | Noticed a two-headed ogre
  6936 | D:8      | Killed a two-headed ogre
  6937 | D:8      | Reached XP level 10. HP: 73/73 MP: 14/17
  6951 | D:8      | Reached ** piety under Kikubaaqudgha
  7106 | D:8      | Reached skill level 5 in Fighting
  7142 | D:8      | Reached skill level 5 in Armour
  7437 | D:8      | Noticed Joseph
  7473 | D:8      | Killed Joseph
  7474 | D:8      | Reached skill level 5 in Necromancy
  7627 | D:8      | Found a staircase to the Lair.
  8086 | D:9      | Learned a level 3 spell: Conjure Flame
  8086 | D:9      | Found a sacrificial altar of Ru.
  8199 | D:9      | Reached *** piety under Kikubaaqudgha
  8199 | D:9      | Identified Kikubaaqudgha's Disquisition on Black Arts
                  | (Kikubaaqudgha gifted it to you on level 9 of the Dungeon)
  8199 | D:9      | Received a gift from Kikubaaqudgha
  8226 | D:9      | Learned a level 4 spell: Dispel Undead
  8244 | D:9      | Found a stormy altar of Qazlal.
  8296 | D:9      | Reached skill level 1 in Fire Magic
  8399 | D:9      | Found a staircase to the Orcish Mines.
  8402 | D:9      | Noticed a two-headed ogre
  8406 | D:9      | Noticed Maggie
  8431 | D:9      | Killed Maggie
  8432 | D:9      | Reached skill level 5 in Air Magic
  8432 | D:9      | Reached XP level 11. HP: 33/79 MP: 9/18
  8520 | D:9      | Killed a two-headed ogre
  8765 | D:9      | Noticed a cyclops
  8873 | D:9      | Killed a cyclops
  9259 | D:10     | Entered Level 10 of the Dungeon
  9422 | D:10     | Reached **** piety under Kikubaaqudgha
  9510 | D:10     | Reached skill level 5 in Fire Magic
 10095 | D:11     | Found a runed translucent gate.
 10095 | D:11     | Found a runed translucent gate.
 10097 | D:11     | Found a runed translucent gate.
 10101 | D:11     | Noticed a minotaur
 10101 | D:11     | Noticed Findor's ghost (journeyman GrMo)
 10595 | D:11     | Noticed a cyclops
 10628 | D:11     | Killed a cyclops
 11302 | D:11     | Noticed a cyclops
 11302 | D:11     | Noticed a cyclops
 11302 | D:11     | Noticed a cyclops
 11339 | D:11     | Killed a cyclops
 11367 | D:11     | Killed a cyclops
 11368 | D:11     | Noticed a cyclops
 11382 | D:11     | Killed a cyclops
 11403 | D:11     | Noticed a cyclops
 11403 | D:11     | Noticed a cyclops
 11415 | D:11     | Noticed a cyclops
 11417 | D:11     | Noticed a cyclops
 11421 | D:11     | Killed a cyclops
 11422 | D:11     | Reached XP level 12. HP: 75/86 MP: 19/23
 11589 | D:11     | Hit by a large rock thrown by a cyclops

Illustrated notes

Levels and vault maps discovered:
D:1:      dpeg_arrival_simpleton_c, layout_basic, minmay_shallow_snake_nest
D:2:      minmay_diamond_boxcup, layout_loops_ring, overflow_temple_1_default,
          kennysheep_generic_room_15
D:3:      layout_loops_cross, cheibrodos_ashenzari_chains, tso_altar,
          nicolae_dithmenos_shadow_blocks, minmay_randomly_rotated_circles,
          uniq_crazy_yiuf_cottage
D:4:      layout_layer_cave, general_overflow_altar,
          minmay_temple_entry_proselytizer, serial_shops, nicolae_shop_stone
D:5:      layout_rooms, nzn_hepliaklqana_mist_gate, serial_shops, shop,
          minmay_misc_feat_more_columns, uniq_grinder
D:6:      layout_cave_pods, nicolae_overflow_crystal_walls, basic_altar
D:7:      layout_loops_ring, nicolae_elemental_shop
D:8:      minmay_angry_zag, layout_gridville, erik_lair_island, uniq_joseph
D:9:      layout_gridville, overflow_temple_1_default, hangedman_ru_absence,
          orc_0_dummy, uniq_maggie
D:10:     layout_roguey, minmay_puff
D:11:     giant_chief_lemuel, layout_basic, maelrawn_ghost_gauntlet_escape,
          billiards_dpeg
Temple:   cyrus_circular_temple

Skill      XL: |  1  2  3  4  5  6  7  8  9 10 11 12 |
---------------+-------------------------------------+-----
Conjurations   | 4 5 6 |  6.0
Armour         | 1 2 4 5 |  5.0
Fighting       | 1 2 4 5 |  5.0
Spellcasting   | 3 5 7 8 |  8.6
Shields        | 5 8 9 |  9.0
Necromancy     | 3 6 9 |  9.0
Poison Magic   | 3 4 |  4.0
Air Magic      | 2 5 |  5.0
Fire Magic     | 2 5 |  5.0
Dodging        | |  1.7
Stealth        | |  2.4

Action                   |  1- 3 |  4- 6 |  7- 9 | 10-12 || total
-------------------------+-------+-------+-------+-------++-------
Melee: Unarmed           |     1 |       |       |       ||     1
       Club              |     1 |       |       |       ||     1
       Dagger            |       |    26 |       |       ||    26
       Great sword       |       |     3 |    34 |   132 ||   169
       Spear             |       |       |       |   113 ||   113
       Long sword        |       |       |       |    72 ||    72
Throw: Dart              |       |       |     2 |       ||     2
 Cast: Magic Dart        |    59 |    74 |    56 |    79 ||   268
       Searing Ray       |     4 |    17 |    34 |    44 ||    99
       Mephitic Cloud    |       |       |       |    43 ||    43
       Conjure Flame     |       |       |       |    12 ||    12
       Dispel Undead     |       |       |       |     4 ||     4
       Sublimation of Bl |       |       |       |     1 ||     1
 Abil: Dig               |     2 |     2 |     8 |    31 ||    43
Evoke: Wand              |       |       |       |     1 ||     1
  Use: Scroll            |       |     1 |     1 |     7 ||     9
 Stab: Sleeping          |       |       |     4 |     1 ||     5
       Confused          |       |       |       |    17 ||    17
Armor: Robe              |     4 |    14 |    19 |    32 ||    69
       Swamp dragon scal |       |       |       |    54 ||    54
Dodge: Dodged            |    11 |    33 |    36 |   137 ||   217
Block: Kite shield       |       |       |    16 |   216 ||   232
       Rpst.: Great sword |       |     1 |     6 |    24 ||    31
       Long sword        |       |       |       |     9 ||     9
